 Dungeon Crawl Stone Soup version 0.27.0-1-g7a089689b8 (webtiles) character file.

Game seed: 901193076838857508

7130 Delamore the Slicer (level 11, -3/71 HPs)
             Began as an Octopode Brigand on Aug 6, 2021.
             Was an Initiate of Gozag.
             Slain by a vampire (11 damage)
             ... on level 10 of the Dungeon.
             The game lasted 00:18:00 (11938 turns).

Delamore the Slicer (Octopode Brigand)             Turns: 11938, Time: 00:18:00

Health: -3/71      AC:  3    Str: 16    XL:     11   Next: 10%
Magic:  11/11      EV: 17    Int: 13    God:    Gozag
Gold:   215        SH:  0    Dex: 24    Spells: 10/10 levels left

rFire    . . .     SeeInvis +   B - +1 dagger (venom)
rCold    + . .     Faith    .   (no shield)
rNeg     . . .     Spirit   .   O - +2 hat
rPois    .         Reflect  .   q - amulet of regeneration
rElec    .         Harm     .   p - ring of protection from cold
rCorr    .         Rampage  .   x - +6 ring of dexterity
Will     .....                  t - +6 ring of strength
Stlth    ++++++....             F - ring of wizardry
HPRegen  1.21/turn              H - ring of wizardry
MPRegen  0.12/turn              M - ring of see invisible
                                (no ring)
                                (no ring)

@: no status effects
A: almost no armour, amphibious, 8 rings, camouflage 1, gelatinous body 1,
(nimble swimmer 1), tentacles
a: Renounce Religion, Potion Petition, Call Merchant, Bribe Branch


You were on level 10 of the Dungeon.
You worshipped Gozag.
Gozag was aware of your devotion.
You visited 2 branches of the dungeon, and saw 11 of its levels.

You collected 1248 gold pieces.
You spent 893 gold pieces at shops.
You paid 140 gold pieces to Gozag.

Inventory:

Hand Weapons
 a - a +2 dagger
 k - a +1 rapier of electrocution
 r - a +0 short sword of venom
 B - a +1 dagger of venom (weapon)
 D - a +3 short sword of freezing
Missiles
 b - 34 poisoned darts (quivered)
 i - 3 boomerangs
 n - 2 silver boomerangs
 I - 5 atropa-tipped darts
Armour
 e - the +3 kite shield of Modesty {rN+ Str+2 Int-3 Stlth+}
   (You bought it in a shop on level 2 of the Dungeon)

   Str:       It affects your strength (+2).
   Int:       It affects your intelligence (-3).
   rN:        It protects you from negative energy.
   Stlth:     It makes you more stealthy.
 O - a +2 hat (worn)
Jewellery
 p - a ring of protection from cold (left tentacle)
 q - an amulet of regeneration (around mantle)
 t - a +6 ring of strength (on tentacle)
 x - a +6 ring of dexterity (right tentacle)
 F - a ring of wizardry (on tentacle)
 H - a ring of wizardry (on tentacle)
 M - a ring of see invisible (on tentacle)
Wands
 o - a wand of digging (17)
 u - a wand of flame (14)
Scrolls
 d - 2 scrolls of fog
 f - 2 scrolls of magic mapping
 g - a scroll of amnesia
 h - 6 scrolls of teleportation
 j - a scroll of immolation
 l - a scroll of vulnerability
 v - a scroll of noise
 w - a scroll of enchant weapon
 y - a scroll of acquirement {unknown}
 A - 5 scrolls of enchant armour {unknown}
 E - a scroll of fear
 G - 2 scrolls of identify
 L - a scroll of holy word {unknown}
Potions
 c - a potion of attraction {unknown}
 m - a potion of flight {unknown}
 s - a potion of brilliance {unknown}
 z - a potion of ambrosia {unknown}
 C - 2 potions of lignification {unknown}
 J - 3 potions of curing
 K - a potion of mutation {unknown}
 N - a potion of cancellation {unknown}
 Q - a potion of might


   Skills:
 - Level 5.0 Fighting
 * Level 11.7 Short Blades
 - Level 6.0 Throwing
 - Level 5.0 Dodging
 - Level 10.0 Stealth
 + Level 5.3 Shields


You had 10 spell levels left.
You didn't know any spells.
Your spell library contained the following spells:

 Spells                   Type           Power      Damage    Failure   Level
 Corona                   Hex            0%         N/A       9%          1
 Ensorcelled Hibernation  Hex/Ice        0%         N/A       13%         2
 Passwall                 Tmut/Erth      0%         N/A       13%         2
 Swiftness                Air            0%         N/A       24%         3
 Tukima's Dance           Hex            0%         N/A       24%         3
 Invisibility             Hex            0%         N/A       100%        6


Dungeon Overview and Level Annotations

Branches:
Dungeon (10/15)            Temple (1/1) D:6
   Lair: D:8-11         Orc: D:9-12

Altars:
Ashenzari
Cheibriados
Dithmenos
Elyvilon
Fedhas
Gozag
Hepliaklqana
Kikubaaqudgha
Makhleb
Nemelex Xobeh
Qazlal
Ru
Sif Muna
Trog
Uskayaw
Vehumet
Wu Jian
Xom
Zin

Shops:
D:2 [   D:9 *[!

Annotations:
D:4 2 runed translucent doors


Innate Abilities, Weirdness & Mutations

You cannot wear most types of armour.
You are amphibious.
You can wear up to eight rings at the same time.
Your skin changes colour to match your surroundings (Stealth+).
Your rubbery body absorbs attacks. (AC +1, EV +1)
((You are camouflaged near water. (Stealth+)))
You have tentacles for arms and can constrict up to eight enemies at once.


Message History

You barely miss the vampire. You grab the vampire. You squeeze the vampire!
The vampire is moderately damaged.
You constrict the vampire, but do no damage.
You hit the vampire but do no damage.
The vampire is moderately damaged.
You constrict the vampire, but do no damage.
The vampire gestures at you while chanting.
You are confused.
You release your grip on the vampire.
The vampire hits you. The vampire barely misses you.
You are too confused!
Unknown command.
You're too confused to move!
The vampire hits you. The vampire bites you.
The vampire draws strength from your injuries!
The vampire points at you and mumbles some strange words.
You are more confused.
You're too confused to move!
You miss the vampire.
You squeeze the vampire, but do no damage.
The vampire is lightly damaged.
You're too confused to move!
The vampire hits you. The vampire bites you.
The vampire draws strength from your injuries!
You hit the vampire.
The vampire is lightly damaged.
The vampire hits you. The vampire closely misses you.
You hit the vampire but do no damage. You squeeze the vampire!
The vampire is heavily damaged.
The vampire draws life force from you!
* * * LOW HITPOINT WARNING * * *
The vampire is healed by the life force!
You're too confused to move!
The vampire hits you!
* * * LOW HITPOINT WARNING * * *
The vampire misses you.
You feel less confused. The vampire completely misses you.
The vampire bites you!
* * * LOW HITPOINT WARNING * * *
The vampire draws strength from your injuries!
You feel better. The vampire hits you!
You die...
Your body crumbles into a pile of gold.

.?........# #..#
........#.##...#.
.................
#.........##...##
#...............#
............#...#
#........##..#
##..#......#.##
#.......@.....#
#...##.#.V...<#
..... ###...#.##
..... ##..###
.#... #### #..


You could see a vampire.

Vanquished Creatures
  Maggie (D:9)
  An unseen horror (D:7)
  A troll (D:9)
  A hornet (D:8)
  Grinder (D:3)
  Sigmund (D:6)
  4 humans (D:7)
  5 yaks
  2 wyverns (D:4)
  Eustachio (D:6)
  A steam dragon (D:8)
  Menkaure (D:6)
  Edmund (D:6)
  Duvessa (D:6)
  A water moccasin (D:7)
  4 orc warriors
  A sky beast (D:5)
  5 necrophages
  2 ice beasts (D:7)
  5 ogres
  A centaur (D:9)
  2 phantoms
  2 bullfrogs
  A scorpion (D:5)
  Dowan (D:6)
  5 killer bees (D:9)
  3 wights (D:7)
  4 howler monkeys
  3 lava snakes (D:9)
  4 crimson imps (D:3)
  A bullfrog zombie (D:6)
  2 jellies (D:5)
  A gnoll shaman (D:9)
  3 orc priests
  9 orc wizards
  An iguana (D:5)
  2 killer bee zombies (D:8)
  2 hound zombies
  Robin (D:3)
  A howler monkey zombie (D:9)
  4 gnolls (D:9)
  12 adders
  A white imp (D:5)
  An adder zombie (D:5)
  2 worms
  2 dart slugs
  29 orcs
  5 ball pythons
  6 endoplasms
  16 goblins
  6 hobgoblins
  11 jackals
  8 kobolds
  2 quokkas (D:2)
  7 bats
  2 frilled lizards
  5 rats
208 creatures vanquished.

Vanquished Creatures (others)
  A rat (D:3)
1 creature vanquished.

Grand Total: 209 creatures vanquished

Notes
Turn   | Place    | Note
-------+----------+-------------------------------------------
     0 | D:1      | Delamore the Octopode Brigand began the quest for the Orb.
     0 | D:1      | Reached XP level 1. HP: 14/14 MP: 1/1
   107 | D:1      | Reached XP level 2. HP: 12/19 MP: 2/2
   524 | D:1      | Found a faded altar of an unknown god.
   987 | D:2      | Reached XP level 3. HP: 17/25 MP: 3/3
  1257 | D:2      | Reached skill level 3 in Short Blades
  1564 | D:2      | Reached XP level 4. HP: 21/30 MP: 4/4
  1765 | D:2      | Found Soloitoy's Antique Armour Shoppe.
  2891 | D:3      | Reached XP level 5. HP: 29/36 MP: 5/5
  3166 | D:3      | Reached skill level 4 in Short Blades
  3378 | D:3      | Found a shimmering altar of Xom.
  3394 | D:3      | Reached XP level 6. HP: 29/42 MP: 6/6
  3685 | D:3      | Noticed Grinder
  3689 | D:3      | Paralysed by Grinder for 4 turns
  3947 | D:3      | Paralysed by Grinder for 3 turns
  3959 | D:3      | Killed Grinder
  3960 | D:3      | Reached skill level 5 in Short Blades
  3960 | D:3      | Reached XP level 7. HP: 13/47 MP: 7/7
  4219 | D:3      | Noticed Robin
  4223 | D:3      | Killed Robin
  4394 | D:3      | Found a radiant altar of Vehumet.
  4870 | D:4      | Found a sacrificial altar of Ru.
  5182 | D:4      | Found a large runed translucent door.
  5182 | D:4      | Found a large runed translucent door.
  5213 | D:4      | Reached skill level 6 in Short Blades
  5213 | D:4      | Reached XP level 8. HP: 51/54 MP: 8/8
  5232 | D:4      | Noticed a wyvern
  5238 | D:4      | Found a large runed translucent door.
  5238 | D:4      | Found a large runed translucent door.
  5506 | D:4      | Noticed a wyvern
  5517 | D:4      | Killed a wyvern
  5722 | D:5      | Entered Level 5 of the Dungeon
  5890 | D:5      | Reached skill level 5 in Fighting
  6017 | D:5      | Reached skill level 7 in Short Blades
  6055 | D:5      | Found a white marble altar of Elyvilon.
  6063 | D:5      | Reached skill level 5 in Throwing
  6295 | D:5      | Reached XP level 9. HP: 61/61 MP: 9/9
  6534 | D:6      | Found a staircase to the Ecumenical Temple.
  6544 | Temple   | Entered the Ecumenical Temple
  7073 | D:4      | Reached skill level 8 in Short Blades
  7270 | Temple   | Became a worshipper of Gozag Ym Sagoz the Greedy
  7329 | D:6      | Noticed Edmund
  7347 | D:6      | Killed Edmund
  7443 | D:6      | Noticed Eustachio
  7450 | D:6      | Killed Eustachio
  7474 | D:6      | Noticed Menkaure
  7578 | D:6      | Killed Menkaure
  7650 | D:6      | Noticed Sigmund
  7711 | D:6      | HP: 1/61 [something (15)]
  7720 | D:6      | HP: 2/61 [something/magic dart (7)]
  7861 | D:6      | Found a shadowy altar of Dithmenos.
  7876 | D:6      | Reached skill level 10 in Stealth
  7928 | D:6      | Noticed Duvessa
  7928 | D:6      | Noticed Dowan
  7941 | D:6      | Killed Sigmund
  7942 | D:6      | Reached skill level 9 in Short Blades
  8121 | D:2      | Bought an encrusted kite shield for 275 gold pieces
  8121 | D:2      | Identified the +3 kite shield of Modesty {rN+ Str+2 Int-3
                  | Stlth+} (You bought it in a shop on level 2 of the Dungeon)
  8241 | D:6      | Killed Duvessa
  8254 | D:6      | Killed Dowan
  8355 | D:6      | Found a glowing silver altar of Zin.
  8396 | D:6      | Found a sparkling altar of Nemelex Xobeh.
  8488 | D:6      | Reached skill level 1 in Shields
  8781 | D:7      | Reached XP level 10. HP: 66/66 MP: 10/10
  9023 | D:7      | Reached skill level 10 in Short Blades
  9288 | D:7      | HP: 3/66 [human (14)]
  9821 | D:7      | Killed an unseen horror
 10617 | D:8      | Reached skill level 11 in Short Blades
 11032 | D:9      | Noticed Maggie
 11039 | D:9      | Killed Maggie
 11134 | D:9      | Reached skill level 5 in Dodging
 11134 | D:9      | Reached skill level 5 in Shields
 11134 | D:9      | Reached XP level 11. HP: 56/71 MP: 11/11
 11185 | D:9      | Found Reuviezum's Assorted Antiques.
 11193 | D:9      | Bought a blackened agate ring for 140 gold pieces
 11194 | D:9      | Bought a smoky brown potion for 25 gold pieces
 11370 | D:9      | Found Rotsunez's Antique Armour Shop.
 11380 | D:9      | Bought a glowing hat for 245 gold pieces
 11407 | D:9      | Found Zagal Kos's Distillery.
 11414 | D:9      | Bought a potion of heal wounds for 65 gold pieces
 11414 | D:9      | Bought a potion of heal wounds for 65 gold pieces
 11414 | D:9      | Bought a potion of curing for 39 gold pieces
 11414 | D:9      | Bought a potion of curing for 39 gold pieces
 11898 | D:10     | Entered Level 10 of the Dungeon
 11937 | D:10     | HP: 1/71 [vampire (10)]
 11938 | D:10     | Slain by a vampire

Illustrated notes

Levels and vault maps discovered:
D:1:      psy_arrival_radial01, layout_basic, hellmonk_ecumenical_altar_run_dry
D:2:      layout_basic, serial_shops, shop, minmay_hexomino_c4
D:3:      layout_loops_ring, fiery_altar_vehumet, led_xom_imps, uniq_robin,
          uniq_grinder
D:4:      layout_rooms, amcnicky_altar_gilded, hangedman_abyss_or_decor_slice,
          minmay_misc_feat_iff, nrook_mini_vaults,
          hangedman_abyss_or_decor_stabs, minmay_hollow_rounded_squares
D:5:      layout_basic, elyvilon_altar_5, kennysheep_flooded_box,
          due_unseen_surprise
D:6:      layout_loops_ring, grunt_dithmenos_shadows,
          mainiacjoe_overflow_big_doors, minmay_temple_entry_arrows,
          uniq_menkaure, uniq_eustachio, uniq_sigmund, uniq_edmund, uniq_duvessa
D:7:      layout_loops_ring, minmay_ruffians
D:8:      layout_basic, hangedman_decor_growths
D:9:      layout_roguey, serial_shops, nicolae_shop_crystal,
          nicolae_square_shop, nicolae_shop_statue_plus, st_stairs_7,
          kennysheep_boxes, uniq_maggie
D:10:     layout_cave_pools, grunt_temple_overflow_holy_war, serial_shops,
          nicolae_square_shop
Temple:   dshaligram_water_room_temple

Skill      XL: |  1  2  3  4  5  6  7  8  9 10 |
---------------+-------------------------------+-----
Short Blades   | 3 4 5 6 7 9 11 | 11.7
Stealth        | 6 7 9 10 | 10.0
Fighting       | 3 4 5 |  5.0
Throwing       | 3 4 5 6 |  6.0
Shields        | 2 5 |  5.3
Dodging        | 2 5 |  5.0

Action                   |  1- 3 |  4- 6 |  7- 9 | 10-12 || total
-------------------------+-------+-------+-------+-------++-------
Melee: Dagger            |    59 |   113 |   223 |   215 ||   610
       Constrict         |    14 |    29 |    37 |    34 ||   114
       Tentacles         |    10 |    18 |    80 |    87 ||   195
       Short sword       |       |       |    17 |       ||    17
Throw: Boomerang         |    27 |    37 |     4 |    10 ||    78
       Dart              |       |     3 |    28 |    13 ||    44
Evoke: Wand              |       |       |     1 |       ||     1
  Use: Scroll            |       |     4 |     9 |       ||    13
       Potion            |       |     2 |     2 |     3 ||     7
 Stab: Sleeping          |     5 |     5 |    20 |     8 ||    38
       Distracted        |       |       |       |     2 ||     2
Armor: Skin              |    10 |    11 |     2 |     6 ||    29
Dodge: Dodged            |    47 |    62 |    67 |    91 ||   267
